 Dungeon Crawl Stone Soup version 0.30-a0-354-g6b83867211 (webtiles) character file.

Game seed: 13392561976512019968

1645 Maxmaps the Destroyer (level 8, -20/76 (83) HPs)
             Began as an Ogre Conjurer on Nov 8, 2022.
             Killed from afar by Maggie (25 damage)
             ... with a bolt of fire
             ... on level 6 of the Dungeon.
             The game lasted 00:13:47 (8095 turns).

Maxmaps the Destroyer (Ogre Conjurer)               Turns: 8095, Time: 00:13:48

HP:   -20/76 (83)   AC:  3    Str: 12    XL:     8   Next: 99%
MP:   9/17          EV:  9    Int: 21    God:
Gold: 175           SH:  0    Dex:  7    Spells: 13/19 levels left

rFire   . . .      SeeInvis .    e - +1 dagger (vorpal)
rCold   . . .      Faith    .    (no shield)
rNeg    . . .      Spirit   .    a - +0 robe
rPois   .          Reflect  .    (helmet restricted)
rElec   .          Harm     .    (no cloak)
rCorr   .          Rampage  .    (gloves unavailable)
Will    .....                    (boots unavailable)
Stlth   +.........               f - amulet of magic regeneration
HPRegen 0.32/turn                (no ring)
MPRegen 0.55/turn                (no ring)

@: mesmerised, drained
A: large, unfitting armour, tough skin 1
a: no special abilities


You were on level 6 of the Dungeon.
You visited 2 branches of the dungeon, and saw 7 of its levels.
You also visited: Sewer and Ossuary.

You collected 241 gold pieces.
You spent 66 gold pieces at shops.

Inventory:

Hand Weapons
 e - a +1 vorpal dagger (weapon)
Armour
 a - a +0 robe (worn)
Jewellery
 f - an amulet of magic regeneration (around neck)
 z - an amulet of faith
 A - an amulet of the acrobat
 B - an amulet of reflection
Wands
 n - a wand of polymorph (5)
 u - a wand of quicksilver (5)
Scrolls
 i - a scroll of fear
 l - 3 scrolls of immolation
 m - 2 scrolls of blinking
 t - a scroll of identify
 x - a scroll of magic mapping
 y - 2 scrolls of torment
Potions
 b - 3 potions of magic
 c - 3 potions of haste
 d - 2 potions of heal wounds
 g - 3 potions of degeneration
 h - a potion of might
 j - 4 potions of curing
 k - 5 potions of mutation
 o - 4 potions of lignification
 p - 2 potions of flight
 q - 4 potions of brilliance
 r - 2 potions of cancellation
 s - 4 potions of attraction
 v - a potion of resistance
 w - 2 potions of ambrosia


   Skills:
 - Level 6.2 Fighting
 - Level 1.7 Dodging
 - Level 1.4 Stealth
 - Level 6.0 Spellcasting
 + Level 8.7 Conjurations


You had 13 spell levels left.
You knew the following spells:

 Your Spells              Type           Power      Damage    Failure   Level
a - Magic Dart            Conj           100%       1d8       1%          1
b - Searing Ray           Conj           84%        2d7       1%          2
c - Dazzling Flash        Conj/Hex       48%        N/A       4%          3

Your spell library contained the following spells:

 Spells                   Type           Power      Damage    Failure   Level
 Fulminant Prism          Conj/Hex       12%        3d9       16%         4
 Iskenderun's Mystic Bla  Conj/Tloc      24%        2d7       16%         4
 Agony                    Necr           6%         N/A       95%         5
 Borgnjor's Vile Clutch   Necr/Erth      3%         N/A       95%         5
 Silence                  Hex/Air        3%         N/A       95%         5
 Statue Form              Tmut/Erth      4%         N/A       100%        6
 Shatter                  Erth           3%         3d7*      100%        9


Dungeon Overview and Level Annotations

Branches:
Dungeon (6/15)             Temple (1/1) D:6           Sewer (visited)
Ossuary (visited)

Altars:
Ashenzari
Cheibriados
Dithmenos
Fedhas
Gozag
Hepliaklqana
Kikubaaqudgha
Makhleb
Nemelex Xobeh
Qazlal
Sif Muna
Trog
Vehumet
Wu Jian
Xom
Yredelemnul
Zin

Shops:
D:1 *   D:4 *

Annotations:
D:6 Maggie


Innate Abilities, Weirdness & Mutations

You are too large for most types of armour.
You have tough skin. (AC +1)


Message History

The searing ray hits Maggie but does no damage.
Maggie is lightly wounded.
The searing ray hits Maggie!
Maggie is moderately wounded.
Maggie hits you from afar with a +0 glaive of draining!
You feel drained.
The searing ray hits Maggie!
Maggie is heavily wounded.
You finish channelling your searing ray.
Maggie mumbles some strange words.
Maggie attempts to bespell you!
You are mesmerised by Maggie!
Casting: Searing Ray (safe; 1% risk of failure)
Confirm with . or Enter, or press ? or * to list all spells.
Casting: Dazzling Flash (dangerous; 4% risk of failure)
Press: ? - help, Dir - look around, f - activate Maggie is dazzled.
Maggie hits you from afar with a +0 glaive of draining!
You feel drained.
Casting: Dazzling Flash (dangerous; 4% risk of failure)
Confirm with . or Enter, or press ? or * to list all spells.
Aiming: Searing Ray (safe; 1% risk of failure)
Press: ? - help, Shift-Dir - straight line, f - Maggie
Aim: Maggie, wielding a +0 glaive of draining and wearing +0 steam dragon scales (heavily wounded, mesmerising, blind, 82% to hit)
The searing ray hits Maggie.
Maggie is heavily wounded. (Press . to maintain the ray.) Maggie casts a spell at you.
The bolt of fire hits you!!
* * * LOW HITPOINT WARNING * * *
The searing ray hits Maggie!
Maggie is severely wounded.
Maggie hits you from afar with a +0 glaive of draining!
* * * LOW HITPOINT WARNING * * *
You feel drained.
The searing ray hits Maggie!
Maggie is almost dead.
Maggie points at you and mumbles some strange words.
The bolt of fire hits you!!
You die...

#...######.# ##.#
####...######.##.##.#
#.........##...#.##.#
#................##.#
#.........##...####.#
####....#####.......#
######....# #######.##
#.........# ##...##
#.#####.#@# ####.....##
#.#.# ............ #.#@#
..<.#.....##
.#####.#.##.#######...###
(....>......# ##.....
............# ######
.#####..###.# .... .#
....# #


You could see Maggie (mesmerising, blind).

Vanquished Creatures
  Sigmund (D:4)
  Menkaure (D:4)
  3 water moccasins
  A sky beast (D:6)
  An ogre (D:6)
  A phantom (D:5)
  2 kobold brigands (Sewer)
  A scorpion (D:5)
  A jelly (D:5)
  2 hounds
  A human zombie (Ossuary)
  Ijyb (D:4)
  3 iguanas
  4 orc wizards
  2 mummies (Ossuary)
  11 adders
  3 gnolls (D:6)
  A river rat (Sewer)
  A shadow imp (D:5)
  An ufetubus (D:4)
  An adder zombie (Ossuary)
  4 worms
  2 dart slugs
  3 orcs
  6 endoplasms
  2 giant cockroaches
  4 goblins
  6 hobgoblins
  13 kobolds
  A quokka (D:3)
  9 ball pythons
  7 bats
  4 frilled lizards
  10 hobgoblin zombies (Ossuary)
  5 jackal zombies (Ossuary)
  9 kobold zombies (Ossuary)
  9 orc zombies (Ossuary)
  13 rats
  2 rat zombies (Ossuary)
152 creatures vanquished.

Notes
Turn   | Place    | Note
-------+----------+-------------------------------------------
     0 | D:1      | Maxmaps the Ogre Conjurer began the quest for the Orb.
     0 | D:1      | Reached XP level 1. HP: 16/16 MP: 3/3
   110 | D:1      | Reached skill level 1 in Fighting
   452 | D:1      | Reached XP level 2. HP: 25/28 MP: 3/5
   704 | D:1      | Found Oluorey's General Store.
  1117 | D:2      | Reached XP level 3. HP: 18/39 MP: 2/6
  1383 | D:2      | Found a blossoming altar of Fedhas.
  1537 | D:2      | Reached XP level 4. HP: 40/49 MP: 1/7
  1625 | D:2      | Reached skill level 5 in Fighting
  1916 | D:2      | Reached XP level 5. HP: 58/59 MP: 5/8
  2206 | D:3      | Found a glowing drain.
  2236 | Sewer    | Entered a sewer
  2444 | Sewer    | Learned a level 2 spell: Searing Ray
  2516 | Sewer    | Noticed a kobold brigand
  2525 | Sewer    | Killed a kobold brigand
  2548 | Sewer    | Reached XP level 6. HP: 53/67 MP: 7/12
  2646 | Sewer    | Learned a level 3 spell: Dazzling Flash
  2832 | Sewer    | Reached skill level 5 in Spellcasting
  3449 | D:3      | Found a shimmering altar of Xom.
  3845 | D:4      | Found a sand-covered staircase.
  3850 | Ossuary  | Entered an ossuary
  4040 | Ossuary  | Reached XP level 7. HP: 70/75 MP: 11/16
  4365 | D:4      | Found Sysymm's General Store.
  4382 | D:4      | Bought a scroll of fear for 44 gold pieces
  4382 | D:4      | Bought a scroll of identify for 22 gold pieces
  4583 | D:4      | Noticed Menkaure
  4591 | D:4      | Killed Menkaure
  4592 | D:4      | Reached skill level 4 in Conjurations
  4817 | D:4      | Noticed Sigmund
  4826 | D:4      | Killed Sigmund
  4827 | D:4      | Reached skill level 5 in Conjurations
  5393 | D:4      | Noticed Ijyb
  5398 | D:4      | Killed Ijyb
  5623 | D:5      | Entered Level 5 of the Dungeon
  5647 | D:5      | Reached skill level 6 in Conjurations
  5647 | D:5      | Reached XP level 8. HP: 75/83 MP: 13/17
  5715 | D:5      | Found a stormy altar of Qazlal.
  6221 | D:5      | Found an opulent altar of Gozag.
  6235 | D:5      | Got the Grimoire of Vlad
  7064 | D:5      | Reached skill level 7 in Conjurations
  7431 | D:6      | Reached skill level 8 in Conjurations
  7624 | D:6      | Found a staircase to the Ecumenical Temple.
  7845 | Temple   | Entered the Ecumenical Temple
  8080 | D:6      | Noticed Maggie
  8095 | D:6      | Killed from afar by Maggie

Illustrated notes

Levels and vault maps discovered:
D:1:      matt_arrival_grand_opening, layout_basic, serial_shops, shop
D:2:      layout_basic, basic_altar
D:3:      layout_basic, lemuel_doored_altar, portal_sewer_entry_a,
          nicolae_figureground_pulse
D:4:      layout_basic, serial_shops, nicolae_square_shop,
          lightli_ossuary_entry_decrepit_ruins, uniq_ijyb, uniq_sigmund,
          uniq_menkaure
D:5:      layout_basic, nicolae_overflow_hidden_temple,
          mainiacjoe_overflow_small_starburst
D:6:      layout_loops_ring, minmay_temple_entry_butterflies, serial_shops,
          nicolae_shop_hallway_stairs, uniq_maggie
Temple:   nicolae_temple_bog_church

Skill      XL: |  1  2  3  4  5  6  7  8 |
---------------+-------------------------+-----
Fighting       | 2 3 4 6 |  6.2
Spellcasting   | 4 6 |  6.0
Conjurations   | 6 8 |  8.7
Dodging        | |  1.7
Stealth        | |  1.4

Action                   |  1- 3 |  4- 6 |  7- 9 || total
-------------------------+-------+-------+-------++-------
Melee: Dagger            |    11 |   103 |    70 ||   184
       Unarmed           |     7 |       |       ||     7
       Punch             |     1 |     1 |     4 ||     6
 Cast: Magic Dart        |    70 |   118 |    21 ||   209
       Searing Ray       |       |    16 |    25 ||    41
       Dazzling Flash    |       |       |     1 ||     1
  Use: Scroll            |       |     8 |    15 ||    23
 Stab: Sleeping          |       |     1 |       ||     1
Armor: Robe              |    10 |    20 |    27 ||    57
Dodge: Dodged            |    17 |    57 |    48 ||   122

Table legend: (Time is in decaauts)
 A = Elapsed time spent in this place.
 B = Non-inter-level travel time spent in this place.
 C = Inter-level travel time spent in this place.
 D = Time resting spent in this place.
 E = Time spent auto-exploring this place.
 F = Levels seen in this place.
 G = Mean time per level.
                   A        B        C        D        E       F      G
               +--------+--------+--------+--------+--------+-----+--------+
         Total |   8178 |   7938 |    240 |   2445 |   4303 |   9 |  908.7 |
       Dungeon |   6981 |   6760 |    221 |   2165 |   3743 |   6 | 1163.5 |
        Temple |    200 |    181 |     19 |      0 |    171 |   1 |  200.0 |
         Sewer |    700 |    700 |      0 |    272 |    263 |   1 |  700.0 |
       Ossuary |    295 |    295 |      0 |      8 |    126 |   1 |  295.0 |
               +--------+--------+--------+--------+--------+-----+--------+

Top non-repeatable levels by time:
     D:5: 1572 daAuts
     D:4: 1508 daAuts
     D:1: 1095 daAuts
     D:3: 1062 daAuts
     D:2: 1030 daAuts
     D:6: 711 daAuts
   Sewer: 700 daAuts
 Ossuary: 295 daAuts
  Temple: 200 daAuts
